 Dungeon Crawl Stone Soup version 0.16.2-2-g470672f (webtiles) character file.

49 monobi the Gusty (level 3, -3/26 HPs)
             Began as a Demigod Air Elementalist on Sept 2, 2015.
             Slain by Natasha (9 damage)
             ... on level 3 of the Dungeon.
             The game lasted 00:25:54 (1927 turns).

monobi the Gusty (Demigod Air Elementalist)         Turns: 1927, Time: 00:25:55

Health: -3/26      AC:  5    Str: 14    XL:     3   Next: 32%
Magic:  5/8        EV: 12    Int: 21    God:
Gold:   146        SH:  0    Dex: 16    Spells: 2 memorised, 3 levels left

rFire  . . .     SeeInvis .     h - +0 trident
rCold  . . .     Clarity  .     n - +0 leather armour
rNeg   . . .     SustAb   +     (no shield)
rPois  .         Gourm    .     l - +1 helmet
rElec  .         Spirit   .     (no cloak)
rCorr  .         Warding  .     (no gloves)
rMut   .         Stasis   .     (no boots)
MR     .....                    (no amulet)
Stlth  ++........               a - +3 ring of strength
                                m - ring of teleport control

@: sluggish, very slow, not resistant to hostile enchantments, unstealthy
A: mutation resistance 1, sustain abilities
a: Evoke Teleport Control


You were on level 3 of the Dungeon.
You were not hungry.

You visited 1 branch of the dungeon, and saw 3 of its levels.

You collected 146 gold pieces.

Inventory:

Hand weapons
 h - a +0 trident (weapon)
Missiles
 i - 2 javelins (quivered)
Armour
 f - a +0 robe
 l - a +1 helmet (worn)
 n - a +0 leather armour (worn)
Jewellery
 a - a +3 ring of strength (right hand)
 m - a ring of teleport control (left hand)
Scrolls
 d - 5 scrolls of identify
 g - 2 scrolls of teleportation {unknown}
 j - a scroll of remove curse
 k - a scroll of enchant weapon {unknown}
Books
 b - a book of Air

   Spells                             Type                      Level
   a - Shock                          Conjuration/Air              1
   b - Swiftness                      Charms/Air                   2
   c - Repel Missiles                 Charms/Air                   2
   d - Flight                         Charms/Air                   3
   e - Static Discharge               Conjuration/Air              3
   f - Lightning Bolt                 Conjuration/Air              5
Comestibles
 c - 2 bread rations


   Skills:
 + Level 0.1 Fighting
 + Level 2.0 Dodging
 + Level 1.9 Stealth
 + Level 2.1 Spellcasting
 + Level 1.5 Conjurations
 * Level 3.3 Air Magic


You had 3 spell levels left.
You knew the following spells:

 Your Spells              Type           Power        Failure   Level  Hunger
a - Shock                 Conj/Air       ##..         10%         1    #......
b - Swiftness             Chrm/Air       #.......     17%         2    ##.....


Dungeon Overview and Level Annotations

Branches:
Dungeon (3/15)

Annotations:
D:3 Natasha


Innate Abilities, Weirdness & Mutations

Your attributes are resistant to harm.
You are somewhat resistant to further mutation.


Message History

* * * LOW HITPOINT WARNING * * *
Found a scroll of identify.
Found a beef jerky.
You see here a ring mail.
You open the door.
You aren't carrying any potions.
A crimson imp opens the door.
There is an open door here.
The crimson imp blinks!
Natasha mumbles some strange words.
The jackal closely misses you.
You start to feel a little faster.
The jackal bites you.
* * * LOW HITPOINT WARNING * * *
Natasha casts a spell at thin air.
A cloud of flames roars to life!
The jackal barks!
The jackal closely misses you. x2
Natasha claws you!
You die...

# #..# #.. .......
#...... !.. ... # #..
..###.###.# .# #..
...#...#..###.#####
#..##...._............#
#......#...#..h@#.#
#.....###.###hh..ยง#
#.#.#..#...#..5####
#.h...........##
###.######.#5## #.###
#.[..# ##5(.# #....(#
###5##.# #.......#
.....#h##.........#


You could see Natasha, a crimson imp, a white imp and 2 jackals.

Vanquished Creatures
  An adder (D:2)
  A worm (D:2)
  A giant gecko (D:2)
  6 bats
  A giant cockroach (D:1)
  8 goblins
  6 hobgoblins
  3 kobolds
  3 rats (D:1)
30 creatures vanquished.

Notes
Turn   | Place    | Note
--------------------------------------------------------------
     0 | D:1      | monobi, the Demigod Air Elementalist, began the quest for the Orb.
     0 | D:1      | Reached XP level 1. HP: 14/14 MP: 3/3
    71 | D:1      | Reached skill level 1 in Conjurations
   545 | D:1      | Reached skill level 3 in Air Magic
   572 | D:1      | Reached XP level 2. HP: 20/20 MP: 0/4
   842 | D:1      | You fall through a shaft!
   904 | D:1      | Learned a level 2 spell: Swiftness
  1078 | D:2      | Reached XP level 3. HP: 26/26 MP: 0/8
  1246 | D:2      | Found an opulent altar of Gozag.
  1247 | D:2      | Found a glowing silver altar of Zin.
  1504 | D:2      | Found a glowing golden altar of the Shining One.
  1890 | D:3      | Noticed Natasha
  1897 | D:3      | Gained mutation: You are somewhat resistant to further mutation. [potion of beneficial mutation]
  1918 | D:3      | Found a radiant altar of Vehumet.
  1927 | D:3      | Slain by Natasha

Action                   || total
-------------------------++-------
Melee: Spear             ||    28
       Unarmed           ||    12
       Trident           ||    10
 Cast: Shock             ||    57
       Swiftness         ||     1
  Use: Scroll            ||     6
       Potion            ||     1
  Eat: Chunk             ||     1
       Bread ration      ||     1
